 Dungeon Crawl Stone Soup version 0.24.0-123-gd5b16e6ec5 (webtiles) character file.

Game seed: 7169945372578847131, levelgen mode: deterministic

1462 glosham the Cleaver (level 8, -17/58 HPs)
             Began as a Mummy Abyssal Knight on Dec 21, 2019.
             Was an Elder of Lugonu.
             Blown up by Ijyb (28 damage)
             ... with a disintegration bolt
             ... on level 5 of the Dungeon.
             The game lasted 01:02:53 (3389 turns).

glosham the Cleaver (Mummy Abyssal Knight)          Turns: 3389, Time: 01:02:54

Health: -17/58     AC:  8    Str: 22    XL:     8   Next: 48%
Magic:  9/9        EV:  8    Int: 12    God:    Lugonu [****..]
Gold:   203        SH:  0    Dex: 11    Spells: 7/7 levels left

rFire    x . .     SeeInvis .   a - +2 hand axe
rCold    + . .     Gourm    .   (no shield)
rNeg     + + +     Faith    .   X - +0 chain mail
rPois    ∞         Spirit   .   (no helmet)
rElec    .         Reflect  .   Y - scarf {cloud immunity}
rCorr    .         Harm     .   (no gloves)
MR       +....                  (no boots)
Stlth    ..........             z - amulet of magic regeneration
HPRegen  0.19/turn              A - +5 ring of slaying
MPRegen  0.36/turn              B - +5 ring of strength

@: no status effects
A: no food or potions, fire vulnerability, cold resistance 1, negative energy
resistance 3, torment resistance, unbreathing
a: Depart the Abyss, Bend Space, Banish, Corrupt, Renounce Religion


You were on level 5 of the Dungeon.
You worshipped Lugonu.
Lugonu was greatly pleased with you.
You were not hungry.

You visited 1 branch of the dungeon, and saw 5 of its levels.
You visited the Abyss 1 time.
You also visited: Sewer.

You collected 203 gold pieces.

Inventory:

Hand Weapons
 a - a +2 hand axe (weapon)
 b - the +3 shortbow "Neitus" {venom, Int+6}
   (You found it on level 2 of the Abyss)

   It poisons the ammo it fires.
   It affects your intelligence (+6).
 c - a +0 hunting sling of velocity
 e - a +0 fustibalus
 g - a +0 hunting sling
 j - a +0 spear
 s - a +0 war axe
Missiles
 d - 185 stones
 f - 22 bolts
 u - 45 arrows
 y - 3 boomerangs
 C - 22 poisoned darts (quivered)
Armour
 i - a +0 ring mail
 w - a +0 scale mail
 X - a +0 chain mail (worn)
 Y - a scarf of cloud immunity (worn)
 Z - a +0 shield
Jewellery
 x - a +2 ring of evasion
 z - an amulet of magic regeneration (around neck)
 A - a +5 ring of slaying (left hand)
 B - a +5 ring of strength (right hand)
Wands
 r - a wand of random effects (2)
Scrolls
 h - a scroll of amnesia
 k - 5 scrolls of teleportation
 l - 5 scrolls of blinking
 m - a scroll of fog
 n - 2 scrolls of fear
 o - a scroll of remove curse
 p - 2 scrolls of identify
 q - a scroll of magic mapping
 t - a scroll of immolation
 v - a scroll of enchant armour


   Skills:
 - Level 3.0 Fighting
 * Level 9.1 Axes
 - Level 1.5 Armour
 - Level 0.7 Dodging
 - Level 1.5 Invocations


You had 7 spell levels left.
You didn't know any spells.
Your spell library was empty.

Dungeon Overview and Level Annotations

Branches:
Dungeon (5/15)              Sewer (visited)
 Temple: D:4-7

Altars:
Gozag
Nemelex Xobeh
Ru
Uskayaw

Shops:
D:4 =

Annotations:
D:5 Edmund, Ijyb


Innate Abilities, Weirdness & Mutations

You do not eat or drink.
Your flesh is vulnerable to fire.
You are immune to poison.
Your flesh is cold resistant. (rC+)
You are immune to negative energy. (rN+++)
You are immune to unholy pain and torment.
You can survive without breathing.


Message History

You hit the water moccasin skeleton.
The water moccasin skeleton is heavily damaged.
The water moccasin skeleton bites you.
You slash the water moccasin skeleton!
The water moccasin skeleton is severely damaged.
The water moccasin skeleton misses you. The water moccasin skeleton bites you.
You slash the water moccasin skeleton!
You destroy the water moccasin skeleton!
Lugonu accepts your kill.
A leopard gecko comes into view.
The leopard gecko hisses angrily.
Found an escape hatch in the ceiling.
You see here 8 gold pieces.
You now have 192 gold pieces (gained 8).
You closely miss the leopard gecko. The leopard gecko barely misses you.
You miss the leopard gecko. The leopard gecko bites you.
Your chain mail prevents you from hitting the leopard gecko.
The leopard gecko bites you.
You slash the leopard gecko!
You kill the leopard gecko!
Lugonu accepts your kill.
Found 11 gold pieces.
You see here a leopard gecko corpse.
Found a stone staircase leading down and a stone staircase leading up.
Found a hand axe.
You see here 11 gold pieces.
You now have 203 gold pieces (gained 11).
There is a stone staircase leading up here.
You see here a hand axe.
Ijyb the Twisted Goblin comes into view.
She is wearing a +1 ring mail of fire resistance and carrying a wand of disintegration (9).
You hit Ijyb.
Ijyb is moderately wounded.
Ijyb zaps a wand.
You are blasted!
* * * LOW HITPOINT WARNING * * *
You slash Ijyb!
Ijyb is heavily wounded.
Ijyb zaps a wand.
You are blasted!
You die...

#.###<..# .#
#. #......##
######)# #.#
#.# #.#
#.###########
#...........#
###########@#
#g# #.# #..
###


You could see Ijyb.

Vanquished Creatures
  A hippogriff (D:5)
  An ice beast (D:5)
  Purgy (Sewer)
  A sky beast (D:5)
  A scorpion (D:5)
  A water moccasin skeleton (D:5)
  6 killer bees
  2 crimson imps (D:5)
  2 hounds
  A jelly (D:5)
  An orc priest (D:5)
  3 orc wizards
  An iguana (D:5)
  3 worker ants
  3 gnolls
  A howler monkey skeleton (D:5)
  12 adders
  2 shadow imps (D:5)
  2 adder zombies (D:5)
  5 worms
  2 leopard geckos
  8 orcs
  4 giant cockroaches (D:1)
  4 goblins
  4 hobgoblins
  9 jackals
  5 quokkas
  9 ball pythons
  3 bats
  8 frilled lizards
  10 kobolds
  A quokka skeleton (D:4)
  5 rats
  2 plants (D:2)
124 creatures vanquished.

Notes
Turn   | Place    | Note
-------+----------+-------------------------------------------
     0 | Abyss:1  | glosham the Mummy Abyssal Knight began the quest for the
                  | Orb.
     0 | Abyss:1  | Reached XP level 1. HP: 18/18 MP: 2/2
    66 | Abyss:2  | Got a warped shortbow
    71 | Abyss:2  | Noticed a small abomination
    85 | Abyss:2  | Identified the +3 shortbow "Neitus" {venom, Int+6} (You
                  | found it on level 2 of the Abyss)
    97 | Abyss:2  | Noticed a red very ugly thing
    99 | Abyss:3  | Found a corrupted altar of Lugonu.
   120 | Abyss:3  | Noticed a thrashing horror
   123 | D:1      | Escaped the Abyss
   383 | D:1      | Reached skill level 2 in Axes
   391 | D:1      | Found a sparkling altar of Nemelex Xobeh.
   414 | D:1      | Reached XP level 2. HP: 23/24 MP: 3/3
   431 | D:1      | Reached * piety under Lugonu
   840 | D:2      | Reached XP level 3. HP: 17/29 MP: 4/4
   885 | D:1      | Reached skill level 3 in Axes
   990 | D:2      | Found a hide-covered altar of Uskayaw.
  1269 | D:2      | Reached ** piety under Lugonu
  1271 | D:2      | Reached XP level 4. HP: 28/35 MP: 5/5
  1483 | D:3      | Found a glowing drain.
  1513 | Sewer    | Entered a sewer
  1557 | Sewer    | Reached skill level 4 in Axes
  1620 | Sewer    | Noticed Purgy
  1633 | Sewer    | Killed Purgy
  1633 | Sewer    | Reached XP level 5. HP: 19/41 MP: 6/6
  1910 | D:3      | Found a sacrificial altar of Ru.
  1919 | D:3      | Reached skill level 5 in Axes
  2177 | D:4      | Reached XP level 6. HP: 28/47 MP: 7/7
  2178 | D:4      | Found Acaproi's Jewellery Emporium.
  2514 | D:4      | Reached skill level 6 in Axes
  2576 | D:4      | Reached *** piety under Lugonu
  2796 | D:4      | Reached XP level 7. HP: 46/52 MP: 8/8
  2836 | D:5      | Entered Level 5 of the Dungeon
  2836 | D:5      | Noticed a hippogriff
  2846 | D:5      | Killed a hippogriff
  2846 | D:5      | Reached skill level 7 in Axes
  2852 | D:5      | HP: 5/52 [hound (1)]
  2936 | D:5      | Noticed Edmund
  3029 | D:5      | Reached XP level 8. HP: 29/58 MP: 9/9
  3059 | D:5      | Reached skill level 8 in Axes
  3301 | D:5      | Reached **** piety under Lugonu
  3317 | D:5      | Found an opulent altar of Gozag.
  3334 | D:5      | Reached skill level 9 in Axes
  3386 | D:5      | Noticed Ijyb
  3389 | D:5      | Blown up by Ijyb

Levels and vault maps discovered:
D:1:      saegor_arrival_simple_e, layout_basic, chequers_jeans,
          nemelex_altar_shiori
D:2:      wad_woods_stonehenge, layout_basic, first_ration
D:3:      layout_loops_ring, nicolae_ru_great_annihilating_truth,
          cheibrodos_sewer_entry_bend
D:4:      layout_rooms, minmay_shop_enchanted_jewellery, minmay_snake_closets
D:5:      layout_loops_ring, basic_altar, hangedman_abyss_or_decor_stabs,
          uniq_edmund, uniq_ijyb

Skill      XL: |  1  2  3  4  5  6  7  8 |
---------------+-------------------------+-----
Axes           | 2 3 4 5 6 7 9 |  9.1
Fighting       | |  3.0
Armour         | |  1.5
Dodging        | |  0.7
Invocations    | |  1.5

Action                   |  1- 3 |  4- 6 |  7- 9 || total
-------------------------+-------+-------+-------++-------
Melee: Hand axe          |   100 |   132 |   151 ||   383
Throw: Dart              |       |    27 |     7 ||    34
Invok: Depart the Abyss  |     1 |       |       ||     1
Evoke: Wand              |       |       |    10 ||    10
  Use: Scroll            |     8 |     6 |     1 ||    15
 Stab: Paralysed         |       |     1 |       ||     1
       Distracted        |       |       |     1 ||     1
Armor: Leather armour    |     7 |       |       ||     7
       Scale mail        |     4 |    27 |       ||    31
       Ring mail         |     3 |       |       ||     3
       Chain mail        |       |    26 |    50 ||    76
Dodge: Dodged            |    47 |    73 |    59 ||   179

Table legend:
 A = Turns spent in this place as a percentage of turns spent in the entire game.
 B = Non-inter-level travel turns spent in this place as a percentage of non-inter-level travel turns spent in the entire game.
 C = Inter-level travel turns spent in this place as a percentage of turns spent in this place.
 D = Turns resting spent in this place as a percentage of non-inter-level travel turns spent in this place.
 E = Turns spent auto-exploring this place as a percentage of non-inter-level travel turns spent in this place.
 F = Non-inter-level travel turns spent in this place divided by the number of levels of this place that you've seen.
                   A       B       C       D       E      F
               +-------+-------+-------+-------+-------+----------------------
         Total | 100.0 | 100.0 |   2.9 |   0.1 |   0.0 | 365.8
       Dungeon |  92.3 |  92.1 |   3.1 |   0.1 |   0.0 | 606.4
         Abyss |   3.6 |   3.7 |   0.0 |   0.0 |   0.0 |  41.0
         Sewer |   4.0 |   4.2 |   0.0 |   0.0 |   0.0 | 137.0
               +-------+-------+-------+-------+-------+----------------------

Table legend:
 A = Kills in this place as a percentage of kills in entire the game.
 B = Kills by you in this place as a percentage of kills by you in the entire game.
 C = Kills by friends in this place as a percentage of kills by friends in the entire game.
 D = Other kills in this place as a percentage of other kills in the entire game.
 E = Experience gained in this place as a percentage of experience gained in the entire game.
 F = Experience gained in this place divided by the number of levels of this place that you have seen.
                   A       B       C       D       E      F
               +-------+-------+-------+-------+-------+----------------------
         Total | 100.0 | 100.0 |   N/A |   N/A | 100.0 | 232.1
       Dungeon |  93.4 |  93.4 |   N/A |   N/A |  92.3 | 385.6
         Sewer |   6.6 |   6.6 |   N/A |   N/A |   7.7 | 161.0
               +-------+-------+-------+-------+-------+----------------------

Levels and vault maps discovered:
D:1:      saegor_arrival_simple_e, layout_basic, chequers_jeans,
          nemelex_altar_shiori
D:2:      wad_woods_stonehenge, layout_basic, first_ration
D:3:      layout_loops_ring, nicolae_ru_great_annihilating_truth,
          cheibrodos_sewer_entry_bend
D:4:      layout_rooms, minmay_shop_enchanted_jewellery, minmay_snake_closets
D:5:      layout_loops_ring, basic_altar, hangedman_abyss_or_decor_stabs,
          uniq_edmund, uniq_ijyb
